cohdb
Replays
Latest Replays
All Replays
Popular Replays
Top Player Replays
Match Explorer
How It Works
Community
CoH3 Stats
Reddit
Sign in to upload your games and track your stats! →
Sign in with Steam
Match 41673178
Unlisted
Match 41673178
Overview
Messages
Build Orders
End
Pioneer Squad
Construct Infanterie Kompanie
Grenadier Squad
Grenadier Squad
Grenadier Squad
Grenadier Squad
Infanterie Officer Quarters
Construct Luftwaffe Kompanie
221 Scout Car
Jäger Squad
Support Elements
Wirbelwind Flakpanzer
Selects Breakthrough Battlegroup
Selects Rapid Production
Jäger Squad
Marder III M Tank Destroyer
Wirbelwind Flakpanzer
Wirbelwind Flakpanzer
Selects Blitzkrieg
Marder III M Tank Destroyer
Jäger Squad
Luftwaffe Officer Quarters
Pioneer Squad
Selects Tiger Heavy Tank
Tiger Heavy Tank
Construct Panzergrenadier Kompanie
Marder III M Tank Destroyer
Marder III M Tank Destroyer
Pioneer Squad
MG 42 Machine Gun Team
MG 42 Machine Gun Team
Marder III M Tank Destroyer
Jäger Squad
Tiger Heavy Tank
Pioneer Squad
Jäger Squad
Selects Assault Grenadiers
Selects Breakthrough
Selects Incendiary Bombing Run
Jäger Squad
Incendiary Bombing Run
Marder III M Tank Destroyer
Axis unplayable
[82AD] Janko
HulkSMASH
⚓️Ruby⚓
0
0
Comments
sign in to comment!
No comments posted yet!